Map: New Gettysburg LE

Players

ByuN

  • Race: Terran Terran

ShoWTimE - Winner!

  • Race: Protoss Protoss

Event: 2016 WCS Global Finals

VOD

https://youtu.be/UkX3QcfaZr0

Description

Time

  • Played on: Oct. 29, 2016, 1:42 p.m.
  • Length: 15:57

All games in this series

Show
View Real Time Build Order
Export as new Build Order

ByuN Terran 

Build Orders: MMM Bio 

Get SALT Encoding   

  12  0:00  SCV  
  13  0:12  SCV  
  14  0:17  Supply Depot  
  14  0:24  SCV  
  15  0:39  SCV  
  15  0:40  Barracks  
  16  0:51  SCV  
  17  1:03  SCV  
  18  1:04  Refinery  
  18  1:15  SCV  
  19  1:28  Orbital Command, Marine  
  20  1:37  Command Center  
  20  1:47  Barracks Reactor  
  20  1:51  Barracks  
  20  1:54  SCV  
  21  2:02  Supply Depot  
  21  2:07  SCV  
  22  2:14  Refinery  
  22  2:19  SCV  
  23  2:23  Marine  
  23  2:24  Marine  
  23  2:28  Factory  
  25  2:31  SCV  
  26  2:40  Barracks Tech Lab  
  26  2:41  Marine x2  
  26  2:43  SCV  
  29  2:50  Orbital Command  
  29  2:55  SCV  
  30  2:59  Marine  
  30  3:04  Stimpack  
  31  3:07  Marine x2  
  31  3:09  SCV  
  34  3:17  Marine  
  35  3:21  SCV x2  
  35  3:25  Starport  
  37  3:27  Factory Reactor  
  37  3:29  Marine  
  37  3:30  Marine  
  39  3:34  SCV x2  
  39  3:38  Supply Depot  
  39  3:41  Marine  
  41  3:47  Marine  
  41  3:48  Marine  
  44  3:52  SCV, Supply Depot  
  44  3:53  SCV  
  46  4:00  Marine  
  47  4:04  SCV  
  47  4:05  SCV  
  47  4:06  Marine x2  
  51  4:12  Medivac  
  51  4:14  Medivac  
  51  4:16  SCV  
  56  4:17  SCV  
  56  4:18  Supply Depot  
  56  4:23  Engineering Bay  
  57  4:24  Marine  
  57  4:27  Marine x2  
  57  4:30  SCV x2  
  62  4:33  Refinery  
  62  4:35  Factory Reactor  
  62  4:40  Supply Depot  
  62  4:42  SCV x2  
  62  4:44  Marine  
  65  4:48  Marine  
  65  4:49  Marauder  
  68  4:53  Terran Infantry Weapons Level 1  
  68  4:59  SCV x2  
  70  5:03  Supply Depot  
  70  5:08  Marine x2  
  70  5:10  Marauder  
  70  5:12  Combat Shields  
  74  5:17  SCV  
  74  5:18  SCV  
  78  5:22  Supply Depot  
  78  5:26  Medivac x2  
  80  5:29  Marine x2  
  80  5:31  Widow Mine, Supply Depot  
  80  5:32  Widow Mine  
  86  5:43  SCV x2  
  86  5:44  Marauder, Supply Depot  
  86  5:48  Marine x2  
  92  6:05  Marauder  
  92  6:06  Marine x2  
  92  6:09  Command Center  
  96  6:24  SCV x2, Marine x2  
  100  6:26  Marauder  
  100  6:27  Barracks  
  100  6:30  Barracks  
  102  6:33  Barracks  
  102  6:37  Medivac x2  
  106  6:41  Marine  
  106  6:42  Marine  
  108  6:49  SCV x2  
  108  6:55  Supply Depot, Terran Infantry Armor Level 1  
  108  7:01  SCV x2  
  108  7:07  Medivac  
  110  7:09  Supply Depot  
  110  7:10  Refinery  
  110  7:13  Factory Reactor  
  110  7:16  Barracks Reactor  
  110  7:17  SCV x2, Marauder, Marine x2, Barracks Tech Lab  
  110  7:18  Barracks Tech Lab  
  116  7:29  SCV x2  
  115  7:35  Marine x2  
  115  7:36  Marauder, Marine x2  
  113  7:37  Marauder  
  113  7:41  SCV x2  
  117  7:48  Viking x2, Orbital Command  
  120  7:53  SCV x2  
  120  7:57  Engineering Bay, Armory  
  122  8:03  Marauder x2, Marine x2  
  122  8:05  Marine  
  127  8:06  Marine  
  126  8:14  Starport  
  126  8:18  Supply Depot  
  126  8:21  Viking x2, Orbital Command  
  126  8:26  SCV x2  
  132  8:32  Supply Depot x2  
  132  8:42  Missile Turret  
  132  8:51  Viking x2  
  132  8:54  Marauder x3  
  132  8:55  Marine x2  
  144  8:58  Viking x2  
  148  9:04  SCV x3  
  148  9:09  Terran Infantry Weapons Level 2  
  150  9:11  Terran Infantry Armor Level 2  
  150  9:19  Refinery  
  150  9:21  Viking, Refinery  
  151  9:26  Concussive Shells  
  151  9:27  Marauder x3  
  151  9:28  Marine x4  
  159  9:33  Viking x2  
  163  9:39  Viking  
  165  9:46  Supply Depot  
  165  9:47  Supply Depot, Missile Turret  
  165  9:50  Terran Ship Weapons Level 1  
  165  10:02  Supply Depot  
  165  10:07  Marine x2  
  165  10:08  Marauder x3  
  165  10:09  Viking x3, Marine x2  
  170  10:27  Marine  
  170  10:28  Marine  
  152  10:29  Viking, Marauder x2, Marine x2  
  154  10:39  Viking x2  
  158  10:47  Marauder, Marine x2  
  162  10:51  Marauder x2  
  162  10:53  Command Center  
  166  11:08  Marauder, Marine  
  166  11:09  Marine x3  
  167  11:12  Marauder x2  
  167  11:14  SCV x2  
  162  11:26  Marine x2  
  162  11:27  Marine x2  
  162  11:29  Marine  
  158  11:33  Marine  
  158  11:34  Marauder  
  158  11:37  Terran Infantry Armor Level 3, Terran Infantry Weapons Level 3  
  152  11:44  Marine  
  152  11:45  Marine x2  
  147  11:47  Viking, Marauder  
  147  11:51  Marauder  
  153  11:54  SCV  
  153  11:55  SCV x2  
  153  11:56  Marauder  
  158  12:07  Marine  
  158  12:08  Marine x3  
  160  12:09  Marauder  
  160  12:13  Marauder  
  166  12:17  SCV x2, Marauder  
  170  12:22  Planetary Fortress  
  170  12:26  Missile Turret  
  172  12:33  Liberator  
  172  12:34  Liberator x3  
  172  12:42  Ghost Academy  
  177  12:53  Marine  
  181  13:00  Marine x2  
  181  13:01  Marine  
  149  13:39  Liberator x2  
  111  13:56  Ghost x2  
  111  14:00  Marine x2  
  111  14:01  Marine x2  
  101  14:06  Marine  
  91  14:17  Marine  
  87  14:32  Orbital Command  
Show
View Real Time Build Order
Export as new Build Order

ShoWTimE Protoss - Winner!

Build Orders: 1 Gate Expand, Blink Stalkers, Colossus Rush 

Get SALT Encoding   

  12  0:00  Probe (Chrono Boost)  
  13  0:11  Probe (Chrono Boost)  
  14  0:18  Pylon  
  14  0:22  Probe (Chrono Boost)  
  15  0:36  Probe (Chrono Boost)  
  15  0:37  Gateway  
  16  0:43  Assimilator  
  16  0:46  Probe (Chrono Boost)  
  17  0:57  Probe (Chrono Boost)  
  18  1:08  Probe (Chrono Boost)  
  19  1:21  Nexus  
  19  1:23  Probe (Chrono Boost)  
  20  1:33  Cybernetics Core  
  20  1:37  Probe (Chrono Boost)  
  21  1:43  Assimilator  
  21  1:47  Probe (Chrono Boost)  
  21  1:52  Pylon  
  22  1:58  Probe (Chrono Boost)  
  23  2:07  Adept  
  23  2:10  Warp Gate  
  23  2:12  Probe (Chrono Boost)  
  26  2:25  Mothership Core (Chrono Boost)  
  28  2:33  Probe (Chrono Boost)  
  28  2:34  Adept  
  31  2:43  Probe (Chrono Boost)  
  31  2:44  Probe (Chrono Boost)  
  33  2:45  Robotics Facility  
  33  2:53  Probe (Chrono Boost)  
  33  2:54  Probe (Chrono Boost)  
  35  3:03  Twilight Council  
  35  3:04  Probe (Chrono Boost)  
  35  3:05  Probe (Chrono Boost)  
  37  3:15  Probe x2 (Chrono Boost)  
  39  3:22  Gateway  
  39  3:25  Gateway  
  39  3:26  Probe (Chrono Boost)  
  40  3:28  Probe (Chrono Boost)  
  40  3:29  Observer  
  40  3:30  Blink  
  42  3:35  Pylon  
  42  3:38  Probe (Chrono Boost)  
  42  3:39  Probe (Chrono Boost)  
  45  3:49  Assimilator  
  45  3:50  Probe (Chrono Boost)  
  45  3:51  Probe (Chrono Boost)  
  45  3:55  Pylon  
  46  3:56  Observer  
  46  4:02  Probe (Chrono Boost)  
  49  4:03  Probe (Chrono Boost)  
  49  4:04  Assimilator  
  49  4:14  Probe (Chrono Boost)  
  49  4:15  Probe (Chrono Boost)  
  51  4:18  Pylon  
  51  4:20  Stalker  
  51  4:21  Warp Prism, Stalker  
  55  4:26  Probe (Chrono Boost)  
  55  4:27  Probe (Chrono Boost)  
  59  4:31  Stalker  
  63  4:38  Probe (Chrono Boost)  
  63  4:39  Probe (Chrono Boost)  
  63  4:44  Robotics Bay  
  63  4:53  Pylon  
  63  4:56  Stalker x2  
  63  4:59  Stalker  
  69  5:03  Observer  
  69  5:06  Pylon  
  69  5:19  Nexus  
  69  5:20  Pylon  
  69  5:23  Colossus  
  69  5:33  Sentry  
  79  5:36  Pylon  
  79  5:37  Probe x2 (Chrono Boost)  
  79  5:40  Adept  
  81  5:42  Adept, Extended Thermal Lance  
  81  5:45  Pylon  
  81  5:49  Probe (Chrono Boost)  
  85  5:50  Probe (Chrono Boost)  
  85  6:01  Probe (Chrono Boost)  
  85  6:03  Probe (Chrono Boost)  
  87  6:06  Adept x2  
  87  6:10  Colossus  
  91  6:13  Probe (Chrono Boost)  
  91  6:15  Probe (Chrono Boost)  
  99  6:21  Pylon  
  100  6:25  Adept, Probe (Chrono Boost)  
  100  6:28  Adept  
  100  6:29  Probe (Chrono Boost)  
  100  6:31  Probe (Chrono Boost)  
  106  6:33  Adept  
  106  6:38  Probe (Chrono Boost)  
  110  6:41  Probe (Chrono Boost)  
  110  6:49  Adept x2  
  110  6:52  Probe (Chrono Boost)  
  116  6:55  Pylon, Probe (Chrono Boost)  
  116  6:57  Gateway x2  
  116  7:03  Probe (Chrono Boost)  
  116  7:04  Probe (Chrono Boost), Colossus  
  116  7:06  Gateway  
  116  7:07  Resonating Glaives  
  125  7:16  Pylon  
  125  7:17  Probe x2 (Chrono Boost)  
  125  7:21  Adept x2  
  130  7:25  Adept  
  126  7:37  Pylon  
  126  7:42  Forge  
  126  7:43  Forge  
  126  7:49  Adept x3  
  127  7:53  Probe (Chrono Boost)  
  127  7:55  Probe (Chrono Boost)  
  127  7:56  Disruptor  
  129  8:03  Probe (Chrono Boost)  
  132  8:05  Probe (Chrono Boost)  
  132  8:08  Protoss Ground Armor Level 1, Protoss Ground Weapons Level 1  
  132  8:11  Stalker x4  
  132  8:12  Adept  
  142  8:16  Pylon  
  142  8:18  Assimilator  
  142  8:23  Assimilator  
  142  8:26  Colossus  
  142  8:29  Probe (Chrono Boost)  
  142  8:30  Probe (Chrono Boost)  
  142  8:32  Pylon, Probe (Chrono Boost)  
  145  8:34  Gateway  
  145  8:39  Gateway  
  149  8:47  Photon Cannon, Adept x3  
  155  8:49  Pylon  
  155  8:56  Dark Shrine  
  155  9:00  Probe (Chrono Boost)  
  154  9:09  Adept, Sentry  
  156  9:11  Nexus  
  156  9:12  Pylon  
  156  9:15  Warp Prism  
  158  9:24  Pylon  
  158  9:28  Pylon  
  150  9:34  Pylon  
  150  9:36  Gateway  
  150  9:38  Gateway  
  150  9:40  Pylon  
  150  9:42  Adept x3, Stalker x2, Sentry  
  162  9:46  Adept  
  162  9:52  Pylon, Templar Archives  
  164  9:56  Disruptor  
  164  10:06  Adept x3  
  164  10:07  Adept  
  175  10:10  Dark Templar  
  175  10:11  Dark Templar  
  179  10:18  Protoss Ground Armor Level 2  
  165  10:26  Adept x4  
  165  10:29  Protoss Ground Weapons Level 2, Psionic Storm  
  159  10:40  Probe (Chrono Boost)  
  159  10:41  Probe (Chrono Boost)  
  159  10:42  Pylon  
  161  10:45  Adept x2  
  161  10:49  Adept  
  167  10:50  Adept  
  169  10:59  Assimilator  
  169  11:01  Probe x2 (Chrono Boost)  
  169  11:02  Assimilator  
  171  11:06  Disruptor  
  171  11:09  Dark Templar  
  171  11:10  Adept x3  
  177  11:13  Adept  
  178  11:26  High Templar x2  
  178  11:37  Photon Cannon, Warp Prism  
  178  11:38  Adept x2, Stalker x3  
  178  11:39  Photon Cannon  
  188  11:42  Pylon  
  176  11:53  Photon Cannon, Probe (Chrono Boost)  
  177  11:55  Photon Cannon  
  177  11:56  Pylon  
  177  11:57  Adept  
  177  11:58  Adept, Dark Templar  
  177  12:00  High Templar  
  185  12:01  High Templar  
  187  12:13  Adept x4  
  195  12:17  Adept  
  195  12:18  Adept  
  199  12:28  Protoss Ground Weapons Level 3, Protoss Ground Armor Level 3  
  199  12:43  Stalker  
  199  12:47  Gateway  
  199  12:49  Gateway  
  199  13:12  Gateway  
  199  13:16  Gateway  
  199  13:17  Gateway, Dark Templar x2  
  199  13:18  Gateway  
  198  13:23  Dark Templar  
  198  13:24  Adept x2, Dark Templar  
  198  13:26  High Templar  
  189  13:34  Dark Templar  
  176  13:57  Archon  
  176  14:01  Adept x4  
  176  14:02  Adept  
  168  14:11  Adept x2, Dark Templar  
  133  14:38  High Templar x2, Dark Templar  
  133  14:40  Mothership Core (Chrono Boost)  
  101  15:09  Stalker x2  
  101  15:10  Stalker  
Tags
 
Add a new tag
Caveats
  • Supply blocks, unpowered buildings, or Contaminate may cause inaccurate times.
  • Supply counts are checked every 10 seconds.